 Dungeon Crawl Stone Soup version 0.28-a0-258-g8de209e91f (webtiles) character file.

Game seed: 13617967426028904656

86 robertstho the Covert (level 4, -9/41 HPs)
             Began as a Gnoll Delver on Aug 26, 2021.
             Mangled by an ogre (21 damage)
             ... on level 3 of the Dungeon.
             The game lasted 00:03:29 (2100 turns).

robertstho the Covert (Gnoll Delver)                Turns: 2100, Time: 00:03:30

Health: -9/41      AC:  5    Str: 12    XL:     4   Next: 49%
Magic:  5/5        EV: 12    Int:  9    God:
Gold:   43         SH:  0    Dex: 14    Spells: 5/5 levels left

rFire   + . .      SeeInvis .   a - +0 hand axe
rCold   x . .      Faith    .   (no shield)
rNeg    . . .      Spirit   .   i - +0 ring mail
rPois   .          Reflect  .   (no helmet)
rElec   .          Harm     .   (no cloak)
rCorr   .          Rampage  .   (no gloves)
Will    .....                   (no boots)
Stlth   ++++......              (no amulet)
HPRegen 0.13/turn               j - ring of fire
MPRegen 0.09/turn               (no ring)

@: attractive
A: fangs 1, strong nose, distributed training
a: no special abilities


You were on level 3 of the Dungeon.
You visited 1 branch of the dungeon, and saw 5 of its levels.

You collected 56 gold pieces.
You spent 13 gold pieces at shops.

Inventory:

Hand Weapons
 a - a +0 hand axe (weapon)
Armour
 i - a +0 ring mail (worn)
Jewellery
 j - a ring of fire (left hand)
 o - a ring of magical power
Wands
 g - a wand of digging (3)
Scrolls
 b - a scroll of noise {unknown}
 c - a scroll of fog
 d - a scroll of magic mapping
 e - a scroll of fear
 h - 4 scrolls of teleportation {unknown}
 k - a scroll of identify {unknown}
 m - a scroll of blinking {unknown}
 n - a scroll of enchant weapon {unknown}
Potions
 f - 2 potions of haste


   Skills:
 + Level 6.6 Fighting
 + Level 1.1 Short Blades
 + Level 1.1 Long Blades
 + Level 4.6 Axes
 + Level 1.1 Maces & Flails
 + Level 1.1 Polearms
 + Level 1.1 Staves
 + Level 1.1 Slings
 + Level 1.1 Bows
 + Level 1.1 Crossbows
 + Level 1.1 Throwing
 + Level 1.1 Armour
 + Level 4.6 Dodging
 + Level 9.6 Stealth
 + Level 1.1 Shields
 + Level 1.1 Unarmed Combat
 + Level 1.1 Spellcasting
 + Level 0.9 Conjurations
 + Level 0.9 Hexes
 + Level 0.9 Summonings
 + Level 0.9 Necromancy
 + Level 0.9 Translocations
 + Level 0.9 Transmutations
 + Level 0.9 Fire Magic
 + Level 0.9 Ice Magic
 + Level 0.9 Air Magic
 + Level 0.9 Earth Magic
 + Level 0.9 Poison Magic
 + Level 1.2 Invocations
 + Level 1.1 Evocations


You had 5 spell levels left.
You didn't know any spells.
Your spell library contained the following spells:

 Spells                   Type           Power      Damage    Failure   Level
 Gell's Gravitas          Tloc           1%         N/A       86%         3
 Lesser Beckoning         Tloc           1%         N/A       86%         3
 Teleport Other           Tloc           2%         N/A       86%         3


Dungeon Overview and Level Annotations

Branches:
Dungeon (5/15)
 Temple: D:4-7

Altars:

Shops:
D:2 (!=(


Innate Abilities, Weirdness & Mutations

You have very sharp teeth.
Your uncanny sense of smell can sniff out nearby items.
Your experience applies equally to all skills.


Message History

You see here a +0 chain mail.
h - 4 scrolls labelled UPOETO QIEROC (gained 1)
Found a stone staircase leading up.
You see here a +0 chain mail.
Found a stone staircase leading down.
An ogre comes into view. It is wielding a +0 giant club.
The ogre shouts!
You hit the ogre. You bite the ogre, but do no damage.
The ogre is lightly wounded.
The ogre closely misses you.
You completely miss the ogre.
The ogre is lightly wounded.
The ogre barely misses you.
You hit the ogre but do no damage.
The ogre is lightly wounded.
The ogre misses you.
You hit the ogre but do no damage. You bite the ogre, but do no damage.
The ogre is lightly wounded.
The ogre barely misses you.
You slash the ogre!
The ogre is moderately wounded.
The ogre hits you with a +0 giant club!
You slash the ogre!
The ogre is heavily wounded.
You hit the ogre but do no damage.
The ogre is heavily wounded.
The ogre closely misses you.
You barely miss the ogre.
The ogre is heavily wounded.
The ogre hits you with a +0 giant club!!
* * * LOW HITPOINT WARNING * * *
You are too injured to fight recklessly!
You are too injured to fight recklessly!
You are too injured to fight recklessly!
Okay, then.
It was a potion of attraction.
You feel attractive to monsters.
The ogre hits you with a +0 giant club!!
Ouch! That really hurt!
You die...

.................
#####................#
# ##...............###
####.............. ∆
#..#............#
+..'............# ∆
#..#............# ∆ ∆
####........O...# # ∆
##.)........@....#
#####..).............#
.....[...<...........#
...[.................#
##############.....###
#.##.>... ... .####
##....# #....#


You could see an ogre.

Vanquished Creatures
  2 adders (D:2)
  2 worms
  An orc (D:3)
  3 endoplasms
  4 giant cockroaches
  8 goblins
  8 hobgoblins
  2 jackals (D:1)
  3 kobolds
  3 quokkas
  7 ball pythons
  2 bats (D:1)
  3 frilled lizards
  8 rats
56 creatures vanquished.

Notes
Turn   | Place    | Note
-------+----------+-------------------------------------------
     0 | D:5      | Reached skill level 9 in Stealth
     0 | D:5      | robertstho the Gnoll Delver began the quest for the Orb.
     0 | D:5      | Reached XP level 1. HP: 23/23 MP: 1/1
    78 | D:4      | Noticed a jelly
    94 | D:4      | Noticed a hound
   120 | D:3      | Reached XP level 2. HP: 15/29 MP: 2/2
   496 | D:2      | Found Fotivaja's Antique Weapon Emporium.
   544 | D:2      | Found Mostifau's Jewellery Shoppe.
   675 | D:2      | Reached XP level 3. HP: 35/35 MP: 3/3
   738 | D:2      | Found Adaqaz's Distillery.
   746 | D:2      | Bought a potion of degeneration for 13 gold pieces
   893 | D:2      | Reached skill level 1 in Invocations
  1183 | D:2      | Reached skill level 1 in Short Blades
  1183 | D:2      | Reached skill level 1 in Long Blades
  1183 | D:2      | Reached skill level 1 in Maces & Flails
  1183 | D:2      | Reached skill level 1 in Polearms
  1183 | D:2      | Reached skill level 1 in Staves
  1183 | D:2      | Reached skill level 1 in Slings
  1183 | D:2      | Reached skill level 1 in Bows
  1183 | D:2      | Reached skill level 1 in Crossbows
  1183 | D:2      | Reached skill level 1 in Throwing
  1183 | D:2      | Reached skill level 1 in Armour
  1183 | D:2      | Reached skill level 1 in Shields
  1183 | D:2      | Reached skill level 1 in Unarmed Combat
  1183 | D:2      | Reached skill level 1 in Spellcasting
  1183 | D:2      | Reached skill level 1 in Evocations
  1192 | D:2      | Found Mott's Antique Weapon Emporium.
  1352 | D:1      | Reached XP level 4. HP: 41/41 MP: 5/5
  1471 | D:1      | Found a faded altar of an unknown god.
  2088 | D:3      | Noticed an ogre
  2100 | D:3      | Mangled by an ogre

Illustrated notes

Levels and vault maps discovered:
D:1:      ncdulo_halloftheorcs, layout_basic, basic_ecumenical_altar
D:2:      minmay_wonky_spiral, layout_rooms, serial_shops, shop, shop, shop,
          shop_statue, minmay_heptomino_l4
D:3:      layout_basic, gammafunk_ghost_necromancy, minmay_goblin_kobold_house,
          uniq_terence
D:4:      cheibrodos_barr_body, layout_basic, uniq_pikel
D:5:      layout_loops_corners, grunt_temple_overflow_order_and_chaos_2,
          nicolae_hepliaklqana_hippocampus, uniq_sigmund, uniq_edmund,
          uniq_eustachio

Skill      XL: |  1  2  3 |
---------------+----------+-----
Stealth        | |  9.6
Invocations    | 1 |  1.2
Short Blades   | 1 |  1.1
Long Blades    | 1 |  1.1
Maces & Flails | 1 |  1.1
Polearms       | 1 |  1.1
Staves         | 1 |  1.1
Slings         | 1 |  1.1
Bows           | 1 |  1.1
Crossbows      | 1 |  1.1
Throwing       | 1 |  1.1
Armour         | 1 |  1.1
Shields        | 1 |  1.1
Unarmed Combat | 1 |  1.1
Spellcasting   | 1 |  1.1
Evocations     | 1 |  1.1
Fighting       | |  6.6
Axes           | |  4.6
Dodging        | |  4.6
Conjurations   | |  0.9
Hexes          | |  0.9
Summonings     | |  0.9
Necromancy     | |  0.9
Translocations | |  0.9
Transmutations | |  0.9
Fire Magic     | |  0.9
Ice Magic      | |  0.9
Air Magic      | |  0.9
Earth Magic    | |  0.9
Poison Magic   | |  0.9

Action                   |  1- 3 |  4- 6 || total
-------------------------+-------+-------++-------
Melee: Hand axe          |   100 |    69 ||   169
       Bite              |     8 |     4 ||    12
  Use: Potion            |       |     1 ||     1
 Stab: Sleeping          |    10 |     7 ||    17
       Distracted        |     1 |       ||     1
Armor: Ring mail         |    25 |    22 ||    47
       Leather armour    |     2 |       ||     2
Dodge: Dodged            |    45 |    38 ||    83

Table legend: (Time is in decaauts)
 A = Elapsed time spent in this place.
 B = Non-inter-level travel time spent in this place.
 C = Inter-level travel time spent in this place.
 D = Time resting spent in this place.
 E = Time spent auto-exploring this place.
 F = Levels seen in this place.
 G = Mean time per level.
                   A        B        C        D        E       F      G
               +--------+--------+--------+--------+--------+-----+--------+
         Total |   2111 |   2049 |     62 |    351 |   1262 |   5 |  422.2 |
       Dungeon |   2111 |   2049 |     62 |    351 |   1262 |   5 |  422.2 |
               +--------+--------+--------+--------+--------+-----+--------+

Top non-repeatable levels by time:
     D:2: 843 daAuts
     D:1: 654 daAuts
     D:3: 514 daAuts
     D:5: 60 daAuts
     D:4: 39 daAuts
